Map: Dragon Scales LE

Players

TerranEZrace - Winner!

  • Race: Zerg Zerg
  • League: Diamond
  • Spawn Location: 11:00

MrRobot

  • Race: Terran Terran
  • League: Diamond
  • Spawn Location: 5:00

VOD

Have the link to the VOD?

Description

zvt

Time

  • Played on: June 24, 2023, 8:27 a.m.
  • Length: 18:01
Show
View Real Time Build Order
Export as new Build Order

TerranEZrace Zerg - Winner!

Build Orders: Hatch First 

Get SALT Encoding   

  12  0:01  Drone  
  13  0:09  Drone  
  14  0:17  Overlord  
  14  0:38  Drone  
  15  0:46  Hatchery  
  15  0:48  Drone  
  15  1:05  Spawning Pool  
  14  1:11  Drone  
  14  1:13  Drone  
  14  1:16  Drone  
  17  1:26  Drone  
  18  1:49  Hatchery  
  18  1:52  Queen  
  19  2:00  Queen  
  21  2:15  Drone  
  21  2:18  Overlord  
  21  2:20  Drone x2  
  24  2:37  Spore Crawler  
  23  2:53  Drone x6  
  23  2:54  Queen x2  
  33  3:08  Drone x4  
  33  3:09  Drone  
  37  3:25  Drone  
  38  3:28  Drone x2  
  38  3:29  Drone x2  
  38  3:32  Overlord  
  42  3:35  Overlord  
  42  3:55  Extractor  
  42  3:56  Extractor  
  42  4:01  Spine Crawler x2  
  42  4:02  Drone x5  
  43  4:05  Drone x2  
  45  4:13  Spine Crawler  
  45  4:16  Spine Crawler  
  43  4:20  Drone x4  
  43  4:21  Drone x2  
  49  4:29  Drone x5  
  49  4:30  Drone x2  
  56  4:33  Spore Crawler  
  56  4:35  Spore Crawler  
  54  4:49  Drone x3  
  57  4:54  Evolution Chamber  
  57  4:55  Evolution Chamber  
  57  4:58  Zergling x6  
  55  5:15  Queen  
  57  5:22  Metabolic Boost  
  57  5:24  Lair  
  57  5:25  Baneling Nest  
  53  5:36  Drone x3  
  53  5:37  Drone  
  57  5:48  Extractor  
  57  5:49  Drone  
  57  5:51  Overlord x5  
  57  5:58  Queen, Hatchery  
  57  5:59  Hatchery  
  57  6:03  Zerg Melee Weapons Level 1  
  57  6:04  Zerg Ground Armor Level 1  
  57  6:15  Zergling x2  
  57  6:16  Zergling x22  
  69  6:26  Drone x3  
  69  6:27  Extractor  
  69  6:28  Centrifugal Hooks  
  71  6:34  Queen  
  64  7:30  Zergling x2  
  64  7:31  Zergling x44  
  84  7:40  Spore Crawler  
  84  7:41  Spore Crawler  
  84  7:42  Zergling x2  
  84  7:43  Zergling x10  
  88  7:51  Baneling  
  88  7:52  Baneling x15  
  88  7:59  Baneling  
  88  8:00  Baneling x7  
  88  8:01  Zergling x6  
  88  8:02  Zergling x8  
  95  8:06  Overseer  
  95  8:25  Spore Crawler  
  87  8:34  Zergling x8  
  87  8:35  Zergling x40  
  99  8:54  Zergling x2  
  99  8:55  Zergling x24  
  107  9:11  Zergling x2  
  107  9:13  Zergling x2  
  103  9:23  Spire, Drone x2  
  103  9:24  Drone x2  
  78  9:42  Baneling x3  
  78  9:43  Baneling x4  
  78  9:44  Zergling x8  
  78  9:45  Zergling x36  
  91  9:52  Extractor x2  
  80  10:01  Hatchery  
  80  10:05  Drone x6  
  85  10:23  Baneling x2  
  85  10:24  Baneling x23  
  85  10:32  Spore Crawler  
  85  10:33  Spore Crawler  
  83  10:40  Zerg Flyer Weapons Level 1  
  83  10:48  Zerg Melee Weapons Level 2  
  83  10:53  Drone x2  
  83  10:54  Drone x2  
  83  10:55  Drone x2  
  83  10:56  Drone x4  
  93  10:57  Drone  
  94  11:25  Drone x6  
  100  11:27  Overlord x4  
  100  11:28  Overlord x2  
  100  11:46  Overseer x3  
  100  11:47  Pneumatized Carapace  
  100  11:52  Drone  
  100  11:53  Drone  
  102  11:55  Drone x15  
  102  11:56  Drone x4  
  121  12:05  Spore Crawler  
  120  12:22  Extractor x2  
  118  12:24  Spore Crawler, Drone x2  
  118  12:25  Spore Crawler, Drone x2  
  118  12:26  Drone x2  
  118  12:27  Spore Crawler  
  121  12:32  Drone x2  
  121  12:33  Drone x6  
  121  12:34  Drone  
  121  12:35  Zergling x22  
  121  12:36  Zergling x14  
  148  12:41  Hatchery  
  147  13:15  Spore Crawler x2  
  147  13:17  Spore Crawler  
  147  13:19  Spore Crawler  
  143  13:25  Drone x4  
  143  13:26  Drone  
  148  13:27  Overlord x2  
  148  13:28  Overlord x5  
  148  13:34  Zerg Missile Weapons Level 1, Zerg Ground Armor Level 2  
  148  13:38  Zerg Flyer Weapons Level 2  
  148  13:39  Infestation Pit  
  147  14:23  Zergling x2  
  147  14:24  Zergling x58  
  160  14:25  Zergling x34  
  178  14:59  Baneling  
  164  15:00  Baneling x16  
  164  15:01  Baneling x10  
  164  15:05  Extractor, Drone x2  
  164  15:06  Extractor, Drone  
  164  15:07  Drone x4  
  166  15:08  Zergling x16  
  166  15:09  Zergling x40  
  196  15:38  Hive  
  196  15:54  Zerg Flyer Armor Level 1  
  196  16:02  Baneling x7  
  196  16:03  Baneling x3  
  176  16:39  Mutalisk x2  
  141  16:40  Mutalisk x5  
  141  16:41  Mutalisk x14  
  141  16:42  Mutalisk x13  
  141  16:43  Mutalisk  
  182  17:06  Mutalisk x4  
  182  17:07  Mutalisk x5  
  200  17:16  Overseer  
  200  17:17  Overseer  
  197  17:56  Hatchery  
  197  17:57  Extractor  
  186  17:59  Extractor  
Show
View Real Time Build Order
Export as new Build Order

MrRobot Terran 

Build Orders: Liberator Opening, Reaper Expand 

Get SALT Encoding   

  12  0:00  SCV  
  13  0:12  SCV  
  14  0:17  Supply Depot  
  14  0:25  SCV  
  15  0:39  SCV  
  15  0:40  Barracks  
  16  0:44  Refinery  
  16  0:53  SCV  
  18  1:14  SCV  
  18  1:30  Orbital Command  
  18  1:31  Reaper  
  19  1:42  Command Center  
  19  1:52  Supply Depot  
  19  1:58  SCV  
  20  2:03  Marine  
  21  2:11  Factory  
  21  2:14  SCV  
  22  2:21  Refinery  
  22  2:24  Barracks Reactor  
  22  2:26  SCV  
  23  2:38  SCV  
  24  2:49  Bunker  
  24  2:55  Orbital Command  
  24  3:03  Starport  
  24  3:06  SCV  
  24  3:10  Barracks Tech Lab  
  25  3:18  SCV  
  26  3:23  SCV  
  26  3:27  Supply Depot  
  26  3:30  SCV  
  26  3:32  Hellion x2  
  26  3:33  Stimpack  
  31  3:37  SCV  
  31  3:38  Marine  
  33  3:42  SCV  
  33  3:45  Liberator  
  37  3:51  Supply Depot  
  37  3:53  SCV  
  37  3:54  SCV  
  39  3:59  Hellion  
  39  4:02  Hellion  
  43  4:08  Marine  
  43  4:09  SCV x2  
  46  4:21  SCV  
  46  4:23  SCV  
  52  4:30  Widow Mine  
  52  4:31  Widow Mine  
  52  4:33  SCV  
  52  4:37  Marine  
  54  4:40  Starport Reactor  
  54  4:42  SCV, Barracks  
  55  4:46  Barracks  
  55  4:49  Supply Depot  
  55  4:52  SCV  
  56  4:54  SCV  
  57  5:07  SCV x2  
  52  5:16  Refinery  
  52  5:17  Supply Depot  
  52  5:19  SCV x2  
  52  5:21  Engineering Bay  
  54  5:22  Engineering Bay  
  54  5:25  Refinery, Command Center  
  54  5:26  Supply Depot  
  54  5:27  Widow Mine, Combat Shield  
  56  5:31  SCV x2  
  59  5:40  Medivac  
  59  5:42  Barracks Reactor  
  61  5:43  SCV x2  
  61  5:44  Barracks Tech Lab  
  61  5:45  Marine  
  63  5:50  Terran Infantry Armor Level 1  
  63  5:52  Terran Infantry Weapons Level 1  
  63  6:02  Marine  
  63  6:03  Marine  
  65  6:06  SCV x2  
  65  6:09  Supply Depot  
  65  6:11  Widow Mine x2  
  71  6:17  Barracks  
  71  6:18  Barracks  
  71  6:20  Marine x4  
  75  6:25  Concussive Shells  
  75  6:32  Supply Depot, SCV x2  
  77  6:33  Orbital Command  
  77  6:36  Widow Mine  
  77  6:37  Marine  
  77  6:38  Widow Mine, Marine x3  
  85  6:44  SCV  
  82  6:55  Marine  
  82  6:56  Marine x2  
  85  7:06  Marine x2  
  85  7:07  Marine  
  88  7:14  Marauder  
  88  7:15  Refinery  
  90  7:17  Refinery  
  79  7:44  SCV x2  
  79  7:49  Orbital Command  
  80  7:54  Sensor Tower  
  80  7:56  SCV x2  
  80  7:58  Command Center, Marine x2  
  85  7:59  Widow Mine x2, Marauder  
  92  8:08  SCV x2  
  92  8:09  Barracks Tech Lab x2  
  92  8:10  Medivac, Armory  
  92  8:12  Medivac  
  96  8:15  Marine  
  96  8:18  Marine x2  
  99  8:20  SCV x2  
  97  8:32  SCV x2  
  80  8:37  Marine x3  
  80  8:38  Marauder, Marine  
  84  8:44  SCV  
  84  8:45  SCV  
  76  8:50  Marine  
  76  8:55  Marine x2  
  69  9:01  Marine x3  
  69  9:02  Liberator, Widow Mine x2  
  75  9:03  Liberator  
  75  9:04  SCV x2  
  75  9:08  Marine  
  82  9:11  Command Center  
  80  9:19  Marauder, Marine x4  
  78  9:26  Marine  
  74  9:37  Marauder, Marine x3  
  70  9:40  Marauder  
  70  9:43  Marine  
  65  9:54  Marine x2  
  65  9:55  Marine  
  65  9:59  Marauder  
  69  10:06  SCV x2  
  71  10:18  SCV x2  
  73  10:30  SCV x2  
  73  10:31  Supply Depot  
  73  10:32  Bunker  
  75  10:39  Marine x2  
  75  10:40  Marauder  
  75  10:42  SCV x2  
  81  10:52  Orbital Command  
  81  10:54  SCV x2  
  83  11:06  SCV, Widow Mine x2  
  83  11:07  SCV, Medivac x2  
  83  11:09  Marine x2  
  83  11:10  Marauder  
  97  11:18  SCV  
  95  11:19  SCV x2  
  97  11:30  SCV  
  97  11:31  SCV x2  
  100  11:42  SCV  
  100  11:43  SCV x2  
  103  11:52  Marauder x2, Marine x3  
  110  11:54  SCV  
  110  11:55  SCV x2  
  110  11:58  Refinery  
  110  11:59  Refinery  
  113  12:02  Command Center  
  113  12:04  Terran Infantry Armor Level 2  
  113  12:06  SCV  
  113  12:07  SCV x2  
  116  12:09  Terran Infantry Weapons Level 2  
  116  12:17  Marine  
  117  12:35  Supply Depot, Marine x5  
  117  12:36  Supply Depot, SCV x3  
  125  12:38  Supply Depot  
  125  12:39  Supply Depot  
  125  12:57  SCV x3, Marine x6  
  125  12:58  Liberator, Widow Mine x2  
  141  13:09  SCV x2  
  141  13:10  SCV  
  144  13:14  Marine  
  144  13:16  Starport  
  144  13:18  Starport  
  144  13:19  Fusion Core, Widow Mine, Starport  
  147  13:21  SCV  
  147  13:22  Marine x5  
  147  13:24  Widow Mine  
  155  13:32  Marine  
  155  13:33  Refinery  
  156  13:35  Sensor Tower  
  156  13:39  Marine  
  157  13:53  Starport Tech Lab  
  157  13:55  Starport Tech Lab  
  157  14:01  Starport Tech Lab  
  157  14:06  Battlecruiser  
  163  14:11  Planetary Fortress  
  163  14:23  Battlecruiser, Refinery  
  169  14:34  Supply Depot x2  
  169  14:55  Battlecruiser  
  169  14:56  Battlecruiser  
  170  15:05  Command Center  
  170  15:29  Supply Depot  
  170  15:30  Supply Depot x2  
  170  15:35  Battlecruiser, Weapon Refit  
  176  15:50  Battlecruiser  
  182  15:57  Terran Ship Weapons Level 1  
  182  16:01  Command Center  
  182  16:02  Armory  
  182  16:03  Missile Turret  
  182  16:04  Sensor Tower  
  178  16:37  Battlecruiser x2  
Tags
 
Add a new tag
Caveats
  • Supply blocks, unpowered buildings, or Contaminate may cause inaccurate times.
  • Supply counts are checked every 10 seconds.